 Dungeon Crawl Stone Soup version 0.16-a0-2145-g6af420d (webtiles) character file.

163312 ztt the Executioner (level 16, -6/240 HPs)
             Began as a Minotaur Fighter on Nov 13, 2014.
             Was the Champion of Okawaru.
             Mangled by a water elemental (12 damage)
             ... summoned by Ilsuiw
             ... on level 5 of the Shoals.
             The game lasted 01:08:03 (22906 turns).

ztt the Executioner (Minotaur Fighter)             Turns: 22906, Time: 01:08:05

Health: -6/240     AC: 36    Str: 33    XL:     16   Next: 98%
Magic:  18/18      EV:  8    Int:  5    God:    Okawaru [******]
Gold:   1431       SH:  0    Dex: 15    Spells: 0 memorised, 15 levels left

rFire  . . .     SeeInvis .     z - +0 battleaxe (vamp)
rCold  . . .     Clarity  +     L - +6 plate armour of Strit {Str+2 Dex+3}
rNeg   + . .     SustAb   .     (no shield)
rPois  +         Gourm    .     R - +2 hat {MR+}
rElec  +         Spirit   .     V - +1 cloak
rCorr  .         Warding  .     v - +0 pair of gloves "Criliss" {rElec Stlth+}
rMut   .         Stasis   .     y - +1 pair of boots
MR     +++++                    H - amulet of the Four Winds {Clar rN+ MR+++}
Stlth  ..........               F - +4 ring of protection
                                c - ring of poison resistance

@: berserking, engulfed (cannot breathe), very quick, almost entirely resistant
to hostile enchantments, extremely unstealthy
A: retaliatory headbutt, horns 2, spit poison 1
a: Spit Poison, Heroism, Finesse, Renounce Religion
}: 1/15 runes: serpentine


You were on level 5 of the Shoals.
You worshipped Okawaru.
Okawaru was exalted by your worship.
You were not hungry.

You visited 4 branches of the dungeon, and saw 26 of its levels.
You visited 1 bazaar.
You also visited: Labyrinth.

You collected 1459 gold pieces.
You spent 28 gold pieces at shops.

Inventory:

Hand weapons
 a - a +0 war axe of flaming
 b - a +2 battleaxe of electrocution
 z - a +0 vampiric battleaxe (weapon)
 S - a +5 battleaxe of electrocution
Armour
 u - the +1 pair of gloves "Pheik" {rF++}
   (Okawaru gifted it to you on level 4 of the Lair of Beasts)

   It greatly protects you from fire.
 v - the +0 pair of gloves "Criliss" (worn) {rElec Stlth+}
   (Okawaru gifted it to you on level 7 of the Lair of Beasts)

   It insulates you from electricity.
   It makes you more stealthy.
 y - a +1 pair of boots (worn)
 L - the +6 plate armour of Strit (worn) {Str+2 Dex+3}
   (You found it on level 8 of the Dungeon)

   It affects your strength (+2).
   It affects your dexterity (+3).
 R - a +2 hat of magic resistance (worn)
 V - a +1 cloak (worn)
Jewellery
 c - a ring of poison resistance (left hand)
 g - a +2 ring of evasion
 k - an uncursed amulet of rage
 t - an uncursed ring of sustain abilities
 w - an uncursed ring of protection from cold
 D - an uncursed ring of protection from magic {unknown}
 F - a +4 ring of protection (right hand)
 H - the amulet of the Four Winds (around neck) {Clar rN+ MR+++}
   (You found it on level 5 of the Shoals)

   [amulet of clarity]

   It provides mental clarity.
   It protects you from negative energy.
   It affects your resistance to hostile enchantments.
 I - an uncursed amulet of resist mutation {unknown}
 M - an uncursed ring of ice
 O - an uncursed ring of teleportation
 P - an uncursed ring of invisibility
 Y - an uncursed amulet of the gourmand
Magical devices
 m - a wand of magic darts (31)
 r - a wand of cold (6)
 x - a wand of polymorph (10)
 C - a wand of lightning (7)
 J - a wand of teleportation (0)
 X - a wand of cold (7)
Scrolls
 f - 11 scrolls of remove curse
 j - 3 scrolls of fog
 p - 2 scrolls of recharging
 s - 2 scrolls of fear
 E - 2 scrolls of holy word
Potions
 h - 4 potions of restore abilities
 i - 2 potions of cancellation
 l - 3 potions of haste
 o - 8 potions of brilliance
 B - a potion of confusion {unknown}
 T - a potion of magic
 W - a potion of resistance
Comestibles
 d - 9 bread rations
 e - a slice of pizza
 A - 10 beef jerkies
 K - 3 meat rations


   Skills:
 + Level 19.3 Fighting
 + Level 22.9 Axes
 + Level 16.5 Armour
   Level 3.6 Shields
 + Level 4.6 Invocations
 + Level 0.4 Evocations


You had 15 spell levels left.
You didn't know any spells.

Dungeon Overview and Level Annotations

Branches:
Dungeon (8/15)             Temple (0/1) D:7            Lair (8/8) D:8
 Shoals (5/5) Lair:5        Snake (5/5) Lair:6        Slime (0/6) Lair:6

Altars:
Elyvilon
Gozag
Makhleb
Okawaru
Qazlal
Trog
Xom

Shops:
D:4 ?   D:6 [   Snake:4 [(:

Annotations:
D:6 exclusion: oklob plant
Shoals:5 Ilsuiw


Innate Abilities, Weirdness & Mutations

You reflexively headbutt those who attack you in melee.
You have a pair of horns on your head.
You can spit poison.


Message History

Your lungs strain for air!
Ilsuiw hits you from afar with a trident of freezing.
* * * LOW HITPOINT WARNING * * *
Ilsuiw freezes you.
* * * LOW HITPOINT WARNING * * *
The water elemental hits you.
You cut the siren into ribbons!!!
You kill the siren!
Okawaru accepts your kill.
You hear a splash.
Your plate armour of Strit prevents you from hitting the water elemental.
You slash the water elemental!
The water elemental is almost destroyed.
You completely miss the water elemental.
The water elemental is lightly damaged.
* * * LOW HITPOINT WARNING * * *
Your lungs strain for air!
The siren hits you but does no damage. The water elemental hits you.
The water elemental hits you!
You die...

≈≈......≈≈≈≈≈≈≈≈≈≈#.....#PP≈.PP≈P
≈≈.......≈≈≈≈≈≈≈≈≈#.≈}≈≈#≈≈≈...≈P
≈≈≈≈....≈≈≈≈≈≈≈≈≈≈#≈≈≈≈≈#≈≈≈≈≈P≈≈
≈≈≈≈.≈≈≈≈≈≈≈≈≈≈≈≈≈##≈≈≈##≈≈≈≈≈≈≈≈
≈≈≈≈≈≈≈≈≈≈PP≈≈≈≈≈≈≈##'##≈≈≈≈≈≈≈≈≈
≈≈≈≈≈≈≈≈≈≈≈P≈≈≈≈≈≈≈≈≈≈≈≈≈≈≈≈≈≈≈≈≈
≈≈≈≈≈≈.≈≈≈PPPP≈≈≈≈≈≈≈≈≈≈≈≈≈≈≈≈≈≈≈
.≈≈≈≈...≈PPPP≈≈≈)E≈≈≈≈≈≈≈≈≈≈≈≈≈≈≈
.≈≈≈≈.....≈P≈≈≈≈@Em≈≈≈≈≈≈≈≈≈≈≈≈≈≈
≈≈≈≈.......)≈≈≈≈)E≈≈≈≈≈≈≈≈≈≈≈≈≈≈≈
≈..≈(..)...≈≈≈≈m≈≈≈≈≈≈≈≈≈≈≈≈≈≈≈≈≈
.##(##.....≈≈≈≈≈(≈≈..≈≈≈≈≈≈≈≈≈≈≈.
##.(.##....≈≈≈≈≈[PPP..≈≈≈≈≈≈≈≈≈.#
#.....#....≈≈≈≈≈$...P..≈≈≈≈≈≈≈≈.#
#.."..#...≈≈≈≈≈≈.)..P)≈≈≈≈≈≈≈≈≈.#
#.)...#...≈≈≈≈≈≈≈≈))..)≈≈≈≈≈≈...#
##...##≈≈≈≈≈≈≈≈≈≈≈))≈≈≈≈≈≈≈≈≈.###


You could see Ilsuiw, 3 water elementals and a siren.

Vanquished Creatures
  Rupert (Lair:4)
  Kirke (Snake:5)
  9 greater nagas
  Maud (Lair:5)
  Aizul (Snake:5)
  Gastronok (Lair:2)
  A dire elephant (Lair:4)
  5 merfolk javelineers
  A minotaur (Lab)
  7 merfolk impalers
  Fannar (Lair:1)
  15 naga warriors
  7 hydras
  2 merfolk avatars (Shoals:5)
  2 merfolk aquamancers (Shoals:5)
  4 anacondas
  5 shock serpents
  12 death yaks (Lair:8)
  3 naga sharpshooters (Snake:5)
  7 sea snakes
  10 naga ritualists
  Pikel (D:5)
  8 harpies
  8 fauns
  5 griffons
  6 mana vipers
  A water nymph (Shoals:5)
  5 salamanders
  24 elephants
  6 guardian serpents
  21 black mambas
  Joseph (D:8)
  4 sirens
  9 drowned souls (Shoals:5)
  A fire drake (Lair:5)
  A gargoyle (D:8)
  9 naga magi
  14 spiny frogs
  5 wandering mushrooms (Lair:8)
  5 komodo dragons
  21 merfolk
  Prince Ribbit (D:5)
  27 blink frogs
  8 polar bears (Lair:8)
  A boulder beetle (Lair:7)
  5 snapping turtles
  A trapdoor spider (Lab)
  3 basilisks
  19 water elementals
  27 yaks
  3 hogs (Snake:5)
  A spriggan (Lair:5)
  12 wolves (Lair:8)
  2 wyverns (Lair:7)
  14 hippogriffs
  Edmund (D:5)
  29 water moccasins
  4 hell hounds (Lair:8)
  6 wargs (Lair:8)
  8 porcupines
  2 ice beasts
  2 orc warriors
  36 nagas
  2 slaves (D:5)
  A centaur (Shoals:5)
  11 black bears (Lair:8)
  A necrophage (D:7)
  2 boring beetles
  4 ogres
  A big kobold (D:8)
  16 crocodiles
  15 giant frogs
  A wyvern skeleton (D:7)
  A scorpion (D:5)
  3 killer bees (D:8)
  4 wights (D:8)
  2 crimson imps
  A goliath beetle (D:7)
  A centaur zombie (D:5)
  18 hounds
  A giant frog zombie (D:8)
  3 giant frog skeletons
  A jelly (D:5)
  4 orc wizards
  10 iguanas
  5 worker ants
  15 sheep
  Ijyb (D:4)
  A hound zombie (D:5)
  A hound skeleton (D:7)
  4 gnolls (D:5)
  75 green rats
  23 adders
  A giant mite (D:3)
  A worm (D:2)
  5 giant geckos
  12 orcs
  A ball python (D:3)
  9 bats
  2 giant cockroaches
  20 goblins
  11 hobgoblins
  22 jackals
  23 kobolds
  8 quokkas
  6 giant newts
  10 rats
  3 ballistomycetes (D:6)
  9 fungi
  12 plants
846 creatures vanquished.

Vanquished Creatures (others)
  12 drowned souls (Shoals:5)
  A water elemental (Shoals:5)
  3 humans (Snake:5)
  A slave (D:5)
  A hound (D:6)
  A giant spore (D:6)
  A goblin (D:6)
  A kobold (D:5)
  2 fungi (Lair:8)
  5 plants
28 creatures vanquished.

Grand Total: 874 creatures vanquished

Notes
Turn   | Place    | Note
--------------------------------------------------------------
     0 | D:1      | ztt, the Minotaur Fighter, began the quest for the Orb.
     0 | D:1      | Reached XP level 1. HP: 19/19 MP: 1/1
    17 | D:1      | Reached skill level 4 in Armour
    26 | D:1      | Reached XP level 2. HP: 21/27 MP: 1/1
   780 | D:2      | Reached XP level 3. HP: 29/33 MP: 2/2
  1043 | D:2      | Found a stormy altar of Qazlal.
  1408 | D:3      | Reached skill level 5 in Armour
  1434 | D:3      | Reached XP level 4. HP: 37/41 MP: 2/2
  1513 | D:3      | HP: 2/41 [something (2)]
  1779 | D:3      | Reached XP level 5. HP: 42/47 MP: 2/2
  1955 | D:4      | Found a burning altar of Makhleb.
  2060 | D:4      | Found Shrilyf's Magic Scroll Boutique.
  2072 | D:4      | Bought a scroll of identify for 28 gold pieces
  2257 | D:4      | Found a bloodstained altar of Trog.
  2388 | D:4      | Reached skill level 5 in Fighting
  2469 | D:4      | Found a shimmering altar of Xom.
  2480 | D:4      | Found an opulent altar of Gozag.
  2571 | D:4      | Reached skill level 6 in Armour
  2626 | D:4      | Noticed Ijyb
  2634 | D:4      | Killed Ijyb
  2712 | D:4      | Reached XP level 6. HP: 51/56 MP: 3/3
  2901 | D:5      | Entered Level 5 of the Dungeon
  2924 | D:5      | Found an iron altar of Okawaru.
  2937 | D:5      | Became a worshipper of Warmaster Okawaru
  3068 | D:5      | Noticed Pikel
  3076 | D:5      | Killed Pikel
  3076 | D:5      | Acquired Okawaru's first power
  3076 | D:5      | Reached skill level 5 in Axes
  3076 | D:5      | Reached skill level 7 in Armour
  3076 | D:5      | Reached XP level 7. HP: 46/64 MP: 3/3
  3330 | D:5      | Reached skill level 8 in Armour
  3354 | D:5      | Found a burning altar of Makhleb.
  3398 | D:5      | Found a white marble altar of Elyvilon.
  3481 | D:5      | Noticed Edmund
  3493 | D:5      | Reached XP level 8. HP: 33/73 MP: 3/3
  3501 | D:5      | Killed Edmund
  3526 | D:5      | Noticed Prince Ribbit
  3848 | D:5      | Killed Prince Ribbit
  4272 | D:6      | Noticed an oklob plant
  4275 | D:6      | Found a bloodstained altar of Trog.
  4509 | D:6      | Found Ficeifih's Armour Boutique.
  4521 | D:6      | Reached skill level 9 in Armour
  5152 | D:7      | Found a staircase to the Ecumenical Temple.
  5339 | D:7      | Reached XP level 9. HP: 45/82 MP: 4/4
  6012 | D:8      | Got a polished plate armour
  6023 | D:8      | Identified the +6 plate armour of Strit {Str+2 Dex+3} (You found it on level 8 of the Dungeon)
  6151 | D:8      | Noticed a gargoyle
  6179 | D:8      | Killed a gargoyle
  6179 | D:8      | Reached skill level 10 in Armour
  6179 | D:8      | Reached skill level 1 in Invocations
  6249 | D:8      | Reached skill level 10 in Fighting
  6301 | D:8      | Found a staircase to the Lair.
  6308 | D:8      | Reached skill level 10 in Axes
  6329 | D:8      | Noticed Joseph
  6346 | D:8      | Killed Joseph
  6346 | D:8      | Reached XP level 10. HP: 80/93 MP: 6/6
  6783 | D:8      | Reached skill level 11 in Axes
  7148 | Lair:1   | Entered Level 1 of the Lair of Beasts
  7361 | Lair:1   | Noticed Fannar
  7364 | Lair:1   | Noticed a four-headed hydra
  7373 | Lair:1   | Killed a one-headed hydra
  7373 | Lair:1   | Acquired Okawaru's second power
  7381 | Lair:1   | Killed Fannar
  7381 | Lair:1   | Reached skill level 12 in Axes
  7914 | Lair:1   | Reached XP level 11. HP: 102/102 MP: 6/6
  8017 | Lair:2   | Noticed Gastronok
  8038 | Lair:2   | Killed Gastronok
  8083 | Lair:2   | Reached skill level 13 in Axes
  8451 | Lair:2   | Received a gift from Okawaru
  9144 | Lair:3   | Reached skill level 14 in Axes
  9953 | Lair:4   | Received a gift from Okawaru
 10081 | Lair:4   | Noticed a four-headed hydra
 10089 | Lair:4   | Killed a one-headed hydra
 10212 | Lair:4   | Reached XP level 12. HP: 113/113 MP: 8/8
 10220 | Lair:4   | Noticed Rupert
 10232 | Lair:4   | Killed Rupert
 10232 | Lair:4   | Reached skill level 15 in Axes
 10259 | Lair:4   | Gained mutation: You can spit poison. [potion of beneficial mutation]
 10345 | Lair:4   | Noticed a dire elephant
 10415 | Lair:4   | Killed a dire elephant
 10501 | Lair:4   | Received a gift from Okawaru
 10507 | Lair:4   | Got a pair of brightly glowing gloves {god gift}
 10525 | Lair:4   | Identified the +1 pair of gloves "Pheik" {rF++} (Okawaru gifted it to you on level 4 of the Lair of Beasts)
 10561 | Lair:4   | Reached skill level 16 in Axes
 11129 | Lair:5   | Noticed Maud
 11133 | Lair:5   | Noticed a four-headed hydra
 11151 | Lair:5   | Killed a one-headed hydra
 11153 | Lair:5   | Killed Maud
 11153 | Lair:5   | Reached XP level 13. HP: 116/124 MP: 5/12
 11154 | Lair:5   | Found a staircase to the Shoals.
 11290 | Lair:5   | Noticed a seven-headed hydra
 11307 | Lair:5   | Killed a 11-headed hydra
 11748 | Lair:5   | Reached skill level 17 in Axes
 11886 | Lair:6   | Found a staircase to the Slime Pits.
 12160 | Lair:6   | Found a staircase to the Snake Pit.
 12843 | Lair:7   | Found a labyrinth entrance.
 12857 | Lair:7   | Received a gift from Okawaru
 12860 | Lair:7   | Got a pair of pitted gloves {god gift}
 12862 | Lab      | Entered a labyrinth
 13318 | Lab      | Reached skill level 15 in Fighting
 13377 | Lab      | Found an exit through the horrors of the Abyss.
 13569 | Lab      | Found an exit through the horrors of the Abyss.
 13941 | Lair:7   | Reached skill level 18 in Axes
 14477 | Lair:8   | Entered Level 8 of the Lair of Beasts
 14542 | Lair:8   | Reached XP level 14. HP: 77/135 MP: 13/13
 14641 | Lair:8   | Identified the +0 pair of gloves "Criliss" {rElec Stlth+} (Okawaru gifted it to you on level 7 of the Lair of Beasts)
 14716 | Lair:8   | Received a gift from Okawaru
 14746 | Lair:8   | Reached skill level 19 in Axes
 15343 | Lair:8   | Received a gift from Okawaru
 15626 | Snake:1  | Entered Level 1 of the Snake Pit
 15715 | Snake:1  | Noticed a greater naga
 15731 | Snake:1  | Killed a greater naga
 15951 | Snake:1  | Reached skill level 20 in Axes
 16982 | Snake:3  | Noticed a greater naga
 16993 | Snake:3  | Killed a greater naga
 16993 | Snake:3  | Reached XP level 15. HP: 144/147 MP: 15/15
 17022 | Snake:4  | Found Souwudou's Book Boutique.
 17024 | Snake:4  | Found Geigi's Weapon Shop.
 17039 | Snake:4  | Found a flickering gateway to a bazaar.
 17086 | Bazaar   | Entered a bazaar
 17090 | Bazaar   | Found Qarovvan's Food Boutique.
 17108 | Bazaar   | Found Clei's Antique Armour Emporium.
 17125 | Bazaar   | Found Ploatup's Distillery.
 17142 | Bazaar   | Found Soyxatto's Food Shoppe.
 17199 | Snake:4  | Found Schaqo's Antique Armour Boutique.
 17590 | Snake:5  | Entered Level 5 of the Snake Pit
 17718 | Snake:5  | Received a gift from Okawaru
 17739 | Snake:5  | Noticed Kirke
 17748 | Snake:5  | Killed Kirke
 18064 | Snake:5  | Reached skill level 21 in Axes
 18406 | Snake:5  | Reached skill level 15 in Armour
 19019 | Snake:5  | Noticed Aizul
 19056 | Snake:5  | Killed Aizul
 19702 | Snake:5  | Received a gift from Okawaru
 19828 | Snake:5  | Reached XP level 16. HP: 100/157 MP: 17/17
 20210 | Snake:5  | Got a serpentine rune of Zot
 20450 | Snake:1  | Reached skill level 22 in Axes
 20523 | Shoals:1 | Entered Level 1 of the Shoals
 20868 | Shoals:5 | Entered Level 5 of the Shoals
 20897 | Shoals:4 | Received a gift from Okawaru
 22404 | Shoals:5 | Noticed Ilsuiw
 22900 | Shoals:5 | HP: 11/240 [drowned by a water elemental[Ilsuiw] (3)]
 22905 | Shoals:5 | HP: 10/240 [drowned by a water elemental[Ilsuiw] (2)]
 22906 | Shoals:5 | Mangled by a water elemental

Action                   |  1- 3 |  4- 6 |  7- 9 | 10-12 | 13-15 | 16-18 || total
-------------------------+-------+-------+-------+-------+-------+-------++-------
Melee: War axe           |   102 |   136 |   313 |   292 |    26 |       ||   869
       Hand axe          |     3 |       |       |       |       |       ||     3
       Battleaxe         |       |       |       |   206 |  1007 |   582 ||  1795
Invok: Heroism           |       |       |     2 |       |       |       ||     2
       Finesse           |       |       |       |     2 |     3 |     2 ||     7
Evoke: Wand              |       |       |       |       |     1 |     2 ||     3
  Use: Scroll            |     1 |     7 |     9 |     8 |    18 |     3 ||    46
       Potion            |       |     2 |     5 |     3 |     7 |     7 ||    24
  Eat: Chunk             |     2 |       |     4 |       |       |       ||     6
       Meat ration       |       |     1 |       |     3 |     2 |     2 ||     8
       Pizza             |       |       |     2 |       |     1 |       ||     3
       Beef jerky        |       |       |     1 |     1 |     7 |       ||     9
       Royal jelly       |       |       |     1 |       |       |       ||     1
       Fruit             |       |       |       |       |    18 |       ||    18
